 Dungeon Crawl Stone Soup version 0.27.1-33-g824d729ab1 (webtiles) character file.

Game seed: 16916619549232289426

306 zeram the Poker (level 6, -1/47 HPs)
             Began as a Merfolk Fighter on Dec 31, 2021.
             Slain by a hobgoblin (4 damage)
             ... on level 4 of the Dungeon.
             The game lasted 00:05:43 (3668 turns).

zeram the Poker (Merfolk Fighter)                   Turns: 3668, Time: 00:05:44

Health: -1/47      AC:  6    Str: 25    XL:     6   Next: 39%
Magic:  6/6        EV:  8    Int:  7    God:
Gold:   170        SH: 11    Dex: 14    Spells: 5/5 levels left

rFire    . . .     SeeInvis .   s - +8 dagger of Woe {freeze, *Noise Drain Str+7 Stlth+}
rCold    . . .     Faith    .   c - +1 kite shield
rNeg     . . .     Spirit   .   b - +0 scale mail
rPois    .         Reflect  .   (no helmet)
rElec    .         Harm     .   (no cloak)
rCorr    .         Rampage  .   (no gloves)
Will     .....                  (no boots)
Stlth    +.........             (no amulet)
HPRegen  0.15/turn              (no ring)
MPRegen  0.10/turn              (no ring)

@: no status effects
A: (nimble swimmer 2), mertail
a: no special abilities


You were on level 4 of the Dungeon.
You visited 1 branch of the dungeon, and saw 4 of its levels.

You collected 170 gold pieces.

Inventory:

Hand Weapons
 a - a +1 trident
 s - the +8 dagger of Woe (weapon) {freeze, *Noise Drain Str+7 Stlth+}
   (You found it on level 4 of the Dungeon)

   It freezes those it strikes, dealing additional cold damage.
   It can also slow down cold-blooded creatures.
   Str:       It affects your strength (+7).
   *Noise:    It may make noises in combat.
   Drain:     It drains your maximum health when unequipped.
   Stlth:     It makes you more stealthy.
Missiles
 g - 16 poisoned darts (quivered)
 k - 2 throwing nets
Armour
 b - a +0 scale mail (worn)
 c - a +1 kite shield (worn)
Jewellery
 d - a ring of ice
 n - an amulet of faith
Scrolls
 e - 2 scrolls of magic mapping
 h - 2 scrolls of teleportation
 p - a scroll of amnesia {unknown}
 q - a scroll of identify
 t - a scroll of brand weapon {unknown}
Potions
 f - a potion of berserk rage
 i - a potion of degeneration {unknown}
 j - a potion of magic {unknown}
 l - a potion of flight
 m - 2 potions of might
 o - a potion of mutation {unknown}
 r - a potion of ambrosia {unknown}


   Skills:
 - Level 3.2 Fighting
 - Level 7.8 Polearms
 - Level 2.1 Armour
 + Level 1.5 Dodging
 * Level 4.5 Shields


You had 5 spell levels left.
You didn't know any spells.
Your spell library contained the following spells:

 Spells                   Type           Power      Damage    Failure   Level
 Sublimation of Blood     Necr           0%         N/A       100%        2
 Wereblood                Tmut           0%         N/A       100%        2
 Malign Gateway           Summ/Tloc      0%         N/A       100%        7
 Summon Hydra             Summ           0%         N/A       100%        7
 Summon Horrible Things   Summ           0%         N/A       100%        8


Dungeon Overview and Level Annotations

Branches:
Dungeon (4/15)
 Temple: D:4-7

Altars:
Ashenzari
Hepliaklqana

Shops:
D:2 =

Annotations:
D:3 3 runed translucent doors, belegose's ghost, amateur OgBe; doobhtoobh's ghost, amateur KoEn


Innate Abilities, Weirdness & Mutations

((You are quick and stealthy near water. (Stealth+, EV+, Speed+++)))
Your lower body shifts to a powerful aquatic tail in water.


Message History

Your dagger of Woe burps!
The ogre is lightly wounded.
You hear a shout! x2
You block the scorpion zombie's attack. The ogre hits you with a +0 giant club!
The scorpion zombie hits you but does no damage.
You puncture the ogre! You freeze the ogre.
The ogre is heavily wounded.
You block the scorpion zombie's attack. The ogre completely misses you.
You hit the ogre. You freeze the ogre.
The ogre is severely wounded.
You block the scorpion zombie's attack. You block the ogre's attack.
You barely miss the ogre.
The ogre is severely wounded.
The scorpion zombie hits you.
You hit the ogre. You freeze the ogre.
The ogre is almost dead.
The ogre hits you with a +0 giant club!
The scorpion zombie hits you but does no damage.
You hit the ogre. You freeze the ogre.
The ogre is almost dead.
The ogre hits you with a +0 giant club!
* * * LOW HITPOINT WARNING * * *
The scorpion zombie hits you but does no damage.
You block the scorpion zombie's attack.
Your scale mail prevents you from hitting the ogre.
The ogre is almost dead.
The ogre closely misses you. The scorpion zombie closely misses you.
You hit the ogre but do no damage.
The ogre is almost dead.
The ogre closely misses you. The scorpion zombie hits you.
* * * LOW HITPOINT WARNING * * *
Your shield prevents you from hitting the ogre.
Your dagger of Woe screams hysterically.
The ogre is almost dead.
You block the ogre's attack. The scorpion zombie hits you.
* * * LOW HITPOINT WARNING * * *
You hit the ogre. You freeze the ogre.
You kill the ogre!
You block the scorpion zombie's attack. The hobgoblin hits you.
You die...

...#... ####.⌠8 #.8# ##
####..##.######
...#8.#........
...#..#..##### #
.#<#†...##...## ..#
........#.....#####.....
.......##......g@ZZ.....
.....)###.....#####.....
..##.#####...## ..#
......)..##.## #
.##.......#.#
..........'.#
##........#.#
..(.....###g# ##......#
...


You could see a scorpion zombie, a hobgoblin and a centaur skeleton.

Vanquished Creatures
  An ogre (D:4)
  A hound (D:4)
  Terence (D:2)
  Ijyb (D:3)
  Natasha (thrice) (D:2)
  A hound skeleton (D:4)
  6 adders
  2 worms (D:2)
  2 dart slugs
  4 ball pythons
  5 endoplasms
  5 giant cockroaches
  12 goblins
  11 hobgoblins
  5 kobolds
  2 quokkas
  7 bats
  6 frilled lizards
  5 rats
80 creatures vanquished.

Notes
Turn   | Place    | Note
-------+----------+-------------------------------------------
     0 | D:1      | zeram the Merfolk Fighter began the quest for the Orb.
     0 | D:1      | Reached XP level 1. HP: 18/18 MP: 1/1
   206 | D:1      | Reached XP level 2. HP: 23/24 MP: 2/2
   490 | D:1      | Reached skill level 4 in Polearms
   608 | D:1      | Reached XP level 3. HP: 29/29 MP: 3/3
   914 | D:2      | Found Neota's Jewellery Shoppe.
   985 | D:2      | Noticed Natasha
   994 | D:2      | Killed Natasha
   995 | D:2      | Reached XP level 4. HP: 28/35 MP: 4/4
  1079 | D:2      | Reached skill level 5 in Polearms
  1079 | D:2      | Noticed Natasha
  1088 | D:2      | Killed Natasha
  1438 | D:2      | Noticed Terence
  1450 | D:2      | Killed Terence
  1451 | D:2      | Reached skill level 6 in Polearms
  1451 | D:2      | Reached XP level 5. HP: 33/41 MP: 5/5
  1556 | D:2      | Noticed Natasha
  1564 | D:2      | Killed Natasha
  1627 | D:2      | Reached skill level 1 in Dodging
  2284 | D:3      | Found a runed translucent gate.
  2284 | D:3      | Found a runed translucent gate.
  2285 | D:3      | Found a runed translucent gate.
  2286 | D:3      | Noticed belegose's ghost (amateur OgBe)
  2287 | D:3      | Noticed doobhtoobh's ghost (amateur KoEn)
  2445 | D:3      | Reached skill level 7 in Polearms
  2640 | D:3      | Found a broken altar of Ashenzari.
  2763 | D:3      | Noticed Ijyb
  2782 | D:3      | Paralysed by Ijyb for 4 turns
  2789 | D:3      | Paralysed by Ijyb for 2 turns
  2792 | D:3      | Killed Ijyb
  2793 | D:3      | Reached XP level 6. HP: 25/47 MP: 6/6
  2936 | D:3      | Found a hazy altar of Hepliaklqana.
  3463 | D:4      | Identified the +8 dagger of Woe {freeze, *Noise Drain Str+7
                  | Stlth+}
  3668 | D:4      | Slain by a hobgoblin

Illustrated notes

Levels and vault maps discovered:
D:1:      dpeg_arrival_short_road, layout_basic, st_stairs_2,
          minmay_misc_feat_four_crosses
D:2:      layout_basic, serial_shops, shop, uniq_terence, uniq_natasha
D:3:      layout_loops_corners, mainiacjoe_overflow_catch_the_wave,
          gammafunk_ghost_cemetery, chequers_jeans, grunt_ministairs_7,
          minmay_goblin_kobold_house, uniq_ijyb
D:4:      minmay_octagon_keep, layout_basic, amcnicky_mini_rare_corridor_liquid,
          chequers_decorated_corner, grunt_decor_resistance

Skill      XL: |  1  2  3  4  5 |
---------------+----------------+-----
Polearms       | 4 6 7 |  7.8
Shields        | 4 |  4.5
Dodging        | 1 |  1.5
Fighting       | |  3.2
Armour         | |  2.1

Action                   |  1- 3 |  4- 6 || total
-------------------------+-------+-------++-------
Melee: Trident           |    67 |   158 ||   225
       Dagger            |       |    17 ||    17
  Use: Scroll            |     5 |     5 ||    10
       Potion            |       |     1 ||     1
Armor: Scale mail        |    28 |    44 ||    72
Dodge: Dodged            |    11 |    35 ||    46
Block: Kite shield       |    26 |    65 ||    91
